 Dungeon Crawl Stone Soup version 0.18.1-50-g88ac8fd (webtiles) character file.

663 magog001 the Bolt Thrower (level 7, 0/51 HPs)
             Began as a Formicid Arcane Marksman on Oct 23, 2017.
             Slain by Eustachio
             ... wielding a +0 falchion
              (2 damage)
             ... on level 4 of the Dungeon on Oct 24, 2017.
             The game lasted 00:29:46 (4362 turns).

magog001 the Bolt Thrower (FoAM)                    Turns: 4362, Time: 00:29:46

Health: 0/51       AC: 11    Str: 16    XL:     7   Next: 87%
Magic:  8/9        EV:  8    Int: 12    God:
Gold:   261        SH:  0    Dex: 12    Spells: 2 memorised, 6 levels left

rFire  . . .     SeeInvis +     r - +2 hand axe (venom)
rCold  . . .     Gourm    .     j - +0 shadow dragon armour
rNeg   . . .     Faith    .     (no shield)
rPois  .         Spirit   .     (helmet unavailable)
rElec  .         Dismiss  .     (no cloak)
rCorr  .         Reflect  .     (no gloves)
SustAt .         Harm     .     (no boots)
MR     .....                    (no amulet)
Stlth  +++.......               (no ring)
                                n - +6 ring of slaying

@: very slightly contaminated, not resistant to hostile enchantments, fairly
stealthy
A: permanent stasis, dig shafts and tunnels, four strong arms, antennae 3
a: Dig, Shaft Self


You were on level 4 of the Dungeon.
You were not hungry.

You visited 1 branch of the dungeon, and saw 5 of its levels.

You collected 261 gold pieces.

Inventory:

Hand Weapons
 a - a +1 hand crossbow
 h - a +0 hunting sling
 r - a +2 hand axe of venom (weapon)
Missiles
 g - 21 poisoned needles
 i - 68 stones (quivered)
 m - 9 sling bullets
Armour
 j - a +0 shadow dragon armour (worn)
Jewellery
 n - a +6 ring of slaying (left hand)
Scrolls
 e - a scroll of identify
 k - 3 scrolls of remove curse
 t - 5 scrolls of recharging
Books
 c - a book of Debilitation

   Spells                             Type                      Level
   a - Corona                         Hexes                        1
   b - Slow                           Hexes                        2
   c - Gell's Gravitas                Hexes/Translocation          3
   d - Inner Flame                    Hexes/Fire                   3
   e - Cause Fear                     Hexes                        4
   f - Leda's Liquefaction            Hexes/Earth                  4
Comestibles
 f - 3 bread rations
 p - a slice of pizza


   Skills:
 * Level 2.9 Fighting
 + Level 1.2 Axes
 + Level 0.2(1.0) Slings
 * Level 5.1 Crossbows
 + Level 1.5 Throwing
 * Level 3.2 Armour
 * Level 3.3 Dodging
 + Level 1.6 Stealth
 + Level 1.6 Spellcasting
 + Level 4.1 Hexes


You had 6 spell levels left.
You knew the following spells:

 Your Spells              Type           Power        Failure   Level  Hunger
a - Corona                Hex            ##.....      85%         1    ##.....
b - Slow                  Hex            ##......     96%         2    ###....


Dungeon Overview and Level Annotations

Branches:
Dungeon (5/15)
 Temple: D:4-7

Altars:
Cheibriados
Trog

Annotations:
D:4 Eustachio
D:5 magog001's ghost, novice FoFi


Innate Abilities, Weirdness & Mutations

You are under a permanent stasis effect.
You can dig through walls and to a lower floor.
Your four strong arms can wield two-handed weapons with a shield.
You have a pair of large antennae on your head (SInv).


Message History

The river rat bites you.
* * * LOW HITPOINT WARNING * * *
The river rat bites you.
* * * LOW HITPOINT WARNING * * *
Eustachio hits you but does no damage.
The river rat bites you but does no damage.
You climb upwards.
There is a stone staircase leading down here.
You aren't carrying any items that you can evoke.
Read which item? (? for menu, Esc to quit)
Okay, then.
Cast which spell? (? or * to list)
Aiming: Corona
Press: ? - help, Shift-Dir - straight line, f - Eustachio
Aim: Eustachio, wielding a falchion and wearing a leather armour (heavily wounded, poisoned, chance to defeat MR: 46%)
You miscast Corona.
You are very lightly contaminated with residual magic.
Multicoloured lights dance before your eyes!
Eustachio hits you with a falchion.
You die...

#.# #.# #.# ##.####### #.#
####.# .........#
#.#######.##.# ##.########
##............# ..........#
#..#######.##?# .....######
#..# #.##.# .#.###
#####..#######.##.#
.#.########....@............#
................@#######.##.#
.#.....####.#....### #....#
.......+.........))# #.##.#
.#.....####'#....#[# #.##.#
.#.#######.......#.#####.##.##
.........................[...#
.#########....#..##[####.#####
.# #...........# #.# .#
######....#.#.#..# #.#


You could see Eustachio.

Vanquished Creatures
  Menkaure (D:4)
  An ogre (D:4)
  A scorpion (D:4)
  A crimson imp (D:3)
  A hound (D:4)
  An orc priest (D:4)
  4 orc wizards
  A worker ant (D:4)
  A howler monkey skeleton (D:4)
  6 adders
  An ooze (D:2)
  An adder skeleton (D:4)
  4 worms (D:2)
  2 dart slugs
  A giant gecko (D:4)
  17 orcs
  4 giant cockroaches
  6 goblins
  5 hobgoblins
  10 jackals
  A quokka (D:3)
  4 bats
  5 giant newts
  A jackal skeleton (D:4)
  8 kobolds
  A quokka zombie (D:4)
  10 rats
99 creatures vanquished.

Notes
Turn   | Place    | Note
--------------------------------------------------------------
     0 | D:1      | magog001 the Formicid Arcane Marksman began the quest for the Orb.
     0 | D:1      | Reached XP level 1. HP: 15/15 MP: 2/2
   146 | D:1      | Reached XP level 2. HP: 21/21 MP: 3/3
   360 | D:1      | Learned a level 2 spell: Slow
   636 | D:2      | Reached XP level 3. HP: 26/26 MP: 4/4
   842 | D:2      | Reached XP level 4. HP: 33/33 MP: 3/5
   940 | D:2      | Found a bloodstained altar of Trog.
  1078 | D:2      | Reached skill level 1 in Armour
  1127 | D:2      | Reached skill level 3 in Crossbows
  1475 | D:2      | Learned a level 2 spell: Slow
  1532 | D:3      | Reached XP level 5. HP: 38/38 MP: 6/6
  1857 | D:3      | Reached skill level 1 in Stealth
  2409 | D:3      | Reached XP level 6. HP: 28/44 MP: 7/7
  2412 | D:3      | Reached skill level 4 in Crossbows
  2721 | D:3      | Reached skill level 1 in Throwing
  2844 | D:4      | Found a snail-covered altar of Cheibriados.
  2955 | D:4      | Noticed Menkaure
  2961 | D:4      | Killed Menkaure
  2961 | D:4      | Reached XP level 7. HP: 51/51 MP: 3/8
  3505 | D:4      | Reached skill level 1 in Axes
  3505 | D:4      | Reached skill level 5 in Crossbows
  4064 | D:5      | Entered Level 5 of the Dungeon
  4065 | D:5      | Noticed Eustachio
  4075 | D:5      | Noticed magog001's ghost (novice FoFi)
  4360 | D:5      | HP: 1/51 [river rat[Eustachio] (4)]
  4362 | D:4      | Slain by Eustachio

Skill      XL: |  1  2  3  4  5  6  7 |
---------------+----------------------+-----
Hexes          | 4 |  4.1
Dodging        | 2 3 |  3.3
Armour         | 1 2 3 |  3.2
Crossbows      | 3 4 5 |  5.1
Stealth        | 1 |  1.6
Fighting       | 2 |  2.9
Throwing       | 1 |  1.5
Axes           | 1 |  1.2
Slings         | |  0.2
Spellcasting   | |  1.6

Action                   |  1- 3 |  4- 6 |  7- 9 || total
-------------------------+-------+-------+-------++-------
Melee: Hand axe          |       |    40 |    45 ||    85
 Fire: Hand crossbow     |    61 |    54 |    12 ||   127
       Hunting sling     |       |       |     3 ||     3
Throw: Stone             |       |    17 |     7 ||    24
 Cast: Corona            |     5 |     3 |       ||     8
       Slow              |       |     1 |       ||     1
 Abil: Dig               |       |     4 |       ||     4
  Use: Scroll            |       |     9 |       ||     9
       Potion            |       |     2 |     2 ||     4
 Stab: Sleeping          |       |     1 |     2 ||     3
  Eat: Chunk             |       |     7 |     3 ||    10
       Beef jerky        |       |     1 |     1 ||     2
Armor: Robe              |     6 |    15 |     2 ||    23
       Shadow dragon arm |       |       |    49 ||    49
       Skin              |       |       |    10 ||    10
Dodge: Dodged            |    10 |    30 |    27 ||    67
